 Dungeon Crawl Stone Soup version 0.17-a0-2027-gcac42c4 (webtiles) character file.

94 Shim the Cutter (level 4, -2/30 HPs)
             Began as a High Elf Gladiator on Oct 10, 2015.
             Slain by Duffy's ghost (9 damage)
             ... on level 3 of the Dungeon.
             The game lasted 00:12:13 (3190 turns).

Shim the Cutter (High Elf Gladiator)                Turns: 3190, Time: 00:12:13

Health: -2/30      AC:  4    Str: 14    XL:     4   Next: 38%
Magic:  5/5        EV:  9    Int: 12    God:
Gold:   80         SH:  0    Dex: 16    Spells: 0 memorised, 3 levels left

rFire  . . .     SeeInvis .     a - +0 rapier
rCold  . . .     Clarity  .     b - +0 leather armour
rNeg   . . .     SustAt   .     (no shield)
rPois  .         Gourm    .     c - +0 helmet
rElec  .         Spirit   .     (no cloak)
rCorr  .         Warding  .     (no gloves)
rMut   .         Stasis   .     (no boots)
MR     .....                    (no amulet)
Stlth  +.........               (no ring)
                                (no ring)

@: not resistant to hostile enchantments, very unstealthy
A: no striking features
a: no special abilities


You were on level 3 of the Dungeon.
You were not hungry.

You visited 1 branch of the dungeon, and saw 3 of its levels.

You collected 80 gold pieces.

Inventory:

Hand Weapons
 a - a +0 rapier (weapon)
Missiles
 d - a throwing net
 g - 44 stones (quivered)
 l - 16 arrows
Armour
 b - a +0 leather armour (worn)
 c - a +0 helmet (worn)
Scrolls
 h - a scroll of enchant weapon {unknown}
 k - a scroll of fog {unknown}
 o - a scroll of noise {unknown}
 p - a scroll of random uselessness {unknown}
Potions
 f - a potion of flight {unknown}
 i - a potion of brilliance {unknown}
 m - a potion of resistance {unknown}
 n - a potion of lignification {unknown}
Comestibles
 e - 2 bread rations
 j - 2 chunks of flesh


   Skills:
 + Level 2.5 Fighting
 + Level 4.4 Short Blades
 + Level 2.5 Throwing
 + Level 1.4 Armour
 + Level 4.0 Dodging


You had 3 spell levels left.
You didn't know any spells.

Dungeon Overview and Level Annotations

Branches:
Dungeon (3/15)

Altars:
Cheibriados
Makhleb
Nemelex Xobeh
Okawaru
Trog

Annotations:
D:3 Duffy's ghost, amateur FoBe


Message History

Duffy's ghost is moderately damaged.
Duffy's ghost closely misses you.
You barely miss Duffy's ghost.
Duffy's ghost is moderately damaged.
Duffy's ghost hits you.
You hit Duffy's ghost but do no damage.
Duffy's ghost is moderately damaged.
Duffy's ghost misses you.
You hit Duffy's ghost but do no damage.
Duffy's ghost is moderately damaged.
Duffy's ghost barely misses you.
You hit Duffy's ghost.
Duffy's ghost is heavily damaged.
Duffy's ghost hits you!
You closely miss Duffy's ghost.
Duffy's ghost is heavily damaged.
Duffy's ghost hits you.
* * * LOW HITPOINT WARNING * * *
Duffy's ghost hits you!
You die...

###
#@#
#W#
#.#
#.#
#(#
#(#
#(#
#(.
#((


You could see Duffy's ghost.

Vanquished Creatures
  3 adders (D:2)
  3 worms
  4 giant geckos
  3 giant cockroaches
  10 hobgoblins
  4 jackals (D:1)
  10 kobolds
  6 bats
  A giant newt (D:1)
  11 goblins
  5 rats
60 creatures vanquished.

Notes
Turn   | Place    | Note
--------------------------------------------------------------
     0 | D:1      | Shim the High Elf Gladiator began the quest for the Orb.
     0 | D:1      | Reached XP level 1. HP: 14/14 MP: 2/2
   259 | D:1      | Reached skill level 4 in Short Blades
   516 | D:1      | Reached XP level 2. HP: 14/19 MP: 3/3
  1078 | D:1      | Reached XP level 3. HP: 13/24 MP: 4/4
  1913 | D:2      | Reached skill level 1 in Armour
  2281 | D:2      | Found a bloodstained altar of Trog.
  2579 | D:2      | Reached XP level 4. HP: 30/30 MP: 5/5
  3097 | D:2      | Found a snail-covered altar of Cheibriados.
  3113 | D:2      | Found an iron altar of Okawaru.
  3115 | D:2      | Found a burning altar of Makhleb.
  3144 | D:2      | Found a sparkling altar of Nemelex Xobeh.
  3173 | D:3      | Noticed Duffy's ghost (amateur FoBe)
  3190 | D:3      | Slain by Duffy's ghost

Vault maps used:
D:1:      evilmike_arrival_run_for_it, moated_statue
D:2:      nicolae_overflow_hidden_temple, minmay_curled_crystal
D:3:      old_standard_altar, first_bread, minivault_11, moated_statue,
          kennysheep_generic_room_9

Action                   |  1- 3 |  4- 6 || total
-------------------------+-------+-------++-------
Melee: Rapier            |   190 |    53 ||   243
Throw: Throwing net      |     3 |       ||     3
       Stone             |    84 |    15 ||    99
 Stab: Sleeping          |     1 |       ||     1
  Eat: Bread ration      |     1 |       ||     1
       Chunk             |     1 |     2 ||     3
